 Dungeon Crawl Stone Soup version 0.29.0-4-gdea44cf6ec (webtiles) character file.

Game seed: 633595575544691553

2055 qw the Cleaver (level 9, -30/54 HPs)
             Began as a Tengu Warper on Aug 28, 2022.
             Was a Believer of Okawaru.
             Annihilated by an orc warrior
             ... wielding a +0 glaive
              (36 damage)
             ... on level 6 of the Dungeon.
             The game lasted 00:00:41 (6151 turns).

qw the Cleaver (Tengu Warper)                       Turns: 6151, Time: 00:00:41

Health: -30/54     AC: 12    Str: 14    XL:     9   Next: 25%
Magic:  11/13      EV: 12    Int: 16    God:    Okawaru [**....]
Gold:   403        SH:  0    Dex: 17    Spells: 12/12 levels left

rFire   . . .      SeeInvis .   o - +1 war axe
rCold   . . .      Faith    .   (no shield)
rNeg    . . .      Spirit   .   n - +0 chain mail
rPois   .          Reflect  .   (helmet restricted)
rElec   +          Harm     .   c - +0 cloak
rCorr   .          Rampage  .   (no gloves)
Will    .....                   (boots unavailable)
Stlth   ..........              k - amulet of regeneration
HPRegen 0.98/turn               (no ring)
MPRegen 0.13/turn               (no ring)

@: heroic, flying quickly and evasively, quick
A: beak, talons 3, nimble flight, agile 1, clever 1, electricity resistance
a: Renounce Religion, Heroism


You were on level 6 of the Dungeon.
You worshipped Okawaru.
Okawaru was pleased with you.
You visited 1 branch of the dungeon, and saw 6 of its levels.

You collected 403 gold pieces.


Innate Abilities, Weirdness & Mutations

You have a beak for a mouth.
You have claws for feet.
Your magical nature lets you fly swiftly and evasively.
You are agile. (Dex +4, Str/Int -1)
Your mind is acute. (Int +4, Str/Dex -1)
You are resistant to electric shocks. (rElec)


   Skills:
 - Level 5.1(10.1) Fighting
 + Level 10.0(15.0) Axes
 - Level 1.0(6.0) Throwing
 - Level 4.0(9.0) Armour
 - Level 3.2(8.2) Dodging
 - Level 2.0 Spellcasting
 - Level 2.4 Translocations
 - Level 4.0 Invocations


You had 12 spell levels left.
You didn't know any spells.
Your spell library contained the following spells:

 Spells                   Type           Power      Damage    Failure   Level
 Blink                    Tloc           18%        N/A       88%         2
 Gell's Gravitas          Tloc           9%         N/A       98%         3
 Lesser Beckoning         Tloc           9%         N/A       98%         3
 Teleport Other           Tloc           9%         N/A       98%         3
 Manifold Assault         Tloc           9%         N/A       100%        5

Inventory:

Hand Weapons
 e - a +3 vampiric whip
 o - a +1 war axe (weapon)
Missiles
 b - 6 boomerangs (quivered)
Armour
 c - a +0 cloak (worn)
 h - a +0 kite shield
 n - a +0 chain mail (worn)
Jewellery
 k - an amulet of regeneration (around neck)
 p - a ring of fire
Scrolls
 f - 4 scrolls of identify
Potions
 a - 2 potions of might
 d - a potion of resistance
 j - a potion of magic
 l - a potion of haste {unknown}

Dungeon Overview and Level Annotations

Branches:
Dungeon (6/15)
 Temple: D:4-7

Altars:
Cheibriados
Fedhas
Gozag
Makhleb
Okawaru
Ru
Xom
Zin

Shops:
D:6 :

Annotations:
D:6 Pikel


Message History

The lemure shouts! x2
Your kick misses the orc wizard. You barely miss Pikel. You claw Pikel.
Your peck misses Pikel.
Pikel is lightly wounded.
You barely miss the orc wizard.
The orc wizard hits you but does no damage.
The orc warrior completely misses you. Pikel completely misses you.
You hit Pikel. You peck Pikel, but do no damage.
Pikel is lightly wounded.
You hit the orc wizard.
The orc wizard casts a spell.
The orc wizard flickers and vanishes!
Deactivating autopickup; reactivate with Ctrl-A.
The orc warrior hits you from afar with a +0 glaive!!
6148 ||| DRINKING potion of heal wounds.
You feel much better.
Pikel hits you with a +1 whip of electrocution.
Something hits you but does no damage.
The orc warrior hits you from afar with a +0 glaive!
You slash Pikel! Your peck misses Pikel.
Pikel is moderately wounded.
You hit the lemure. You hit something.
Pikel hits you with a +1 whip of electrocution.
The lemure completely misses you.
You hear some strange, mumbled words.
Something tries to affect you, but you resist.
The orc warrior hits you from afar with a +0 glaive.
You slash Pikel! You claw Pikel. Your punch misses Pikel.
Pikel is severely wounded.
You slash the lemure! You closely miss something. Pikel misses you.
The lemure hits you.
You closely miss Pikel. Your kick misses Pikel. Your peck misses Pikel.
Pikel is severely wounded.
You slash the lemure! You slash something! Okawaru accepts your kill.
Reactivating autopickup.
You feel a bit more experienced.
The orc warrior hits you from afar with a +0 glaive!!!
Ouch! That really hurt!
You die...

.~~~~~P.# .~~~~~~.#
P~~~~~..#
(~~~~~~/######
#~P.~~~..... . #######
P~~~~~7..## #.##.....#
#.~~~..#.#####.#..# #.#
..7.7...)......5..###.#
..###..#5...##5W@...#.#
###
#.##o.....5K#.#.#.####
#.# o....##o#.#......#
#.# #....##.#.<...##.#
#####.#
....##.########.#
....#.. ..?.... #.#
###.### .#..#.. ##.#
.....## .. #..# .......
#.##


You could see Pikel, an orc warrior (strong), 3 lemures and a phantom.

Vanquished Creatures
  Sigmund (D:2)
  Edmund (D:6)
  A water moccasin (D:6)
  5 ice beasts
  2 black bears (D:5)
  3 phantoms
  2 scorpions
  A gnoll sergeant (D:6)
  2 jellies (D:5)
  An orc priest (D:6)
  A hound (D:4)
  4 iguanas
  2 orc wizards (D:6)
  Natasha (thrice) (D:2)
  Robin (D:2)
  11 adders
  6 gnolls (D:6)
  A shadow imp (D:5)
  2 white imps
  5 worms
  3 dart slugs
  5 orcs
  10 ball pythons
  4 bats
  3 endoplasms
  2 giant cockroaches
  13 goblins
  14 hobgoblins
  2 jackals (D:5)
  7 kobolds
  5 quokkas
  7 frilled lizards
  15 rats
145 creatures vanquished.

Vanquished Creatures (others)
  A fungus (D:5)
  10 plants (D:6)
11 creatures vanquished.

Grand Total: 156 creatures vanquished

Notes
Turn   | Place    | Note
-------+----------+-------------------------------------------
     0 | D:1      | qw the Tengu Warper began the quest for the Orb.
     0 | D:1      | Reached XP level 1. HP: 12/12 MP: 4/4
     0 | D:1      | 0 ||| qw: Version: 0.1-a-89-g26bdef1
     0 | D:1      | 0 ||| qw: Game counter: 1739
     0 | D:1      | 0 ||| qw: Always use a shield: true
     0 | D:1      | 0 ||| qw: God list: Okawaru
     0 | D:1      | 0 ||| qw: Allow faded altars: false
     0 | D:1      | 0 ||| qw: Do Orc after D:15 true
     0 | D:1      | 0 ||| qw: Do second Lair branch before Depths: true
     0 | D:1      | 0 ||| qw: Lair rune preference: random
     0 | D:1      | 0 ||| qw: Plans: Normal
     0 | D:1      | 0 ||| PLANNING D:1-11
    69 | D:1      | Found a faded altar of an unknown god.
    82 | D:1      | Reached XP level 2. HP: 17/17 MP: 6/6
    93 | D:1      | Reached skill level 3 in Axes
   114 | D:1      | 114 ||| Stepping ~*~*~tactically~*~*~ (stealth).
   122 | D:1      | 122 ||| Stepping ~*~*~tactically~*~*~ (stealth).
   137 | D:1      | 137 ||| Stepping ~*~*~tactically~*~*~ (stealth).
   241 | D:1      | 241 ||| Stepping ~*~*~tactically~*~*~ (hiding).
   247 | D:1      | HP: 4/17 [dart slug (3)]
   645 | D:1      | Reached XP level 3. HP: 21/21 MP: 7/7
   845 | D:1      | Reached skill level 4 in Axes
   969 | D:1      | 969 ||| UPGRADING to +0 ring mail.
   979 | D:1      | 979 ||| DROPPING +0 leather armour.
   980 | D:1      | 980 ||| DROPPING +6 ring of intelligence.
   981 | D:1      | 981 ||| READING scroll labelled RAIJUT UNNAFF.
   982 | D:1      | 982 ||| READING 2 scrolls labelled HEGABU YGARON.
   983 | D:1      | 983 ||| READING scroll labelled YHOXZES PAM.
   984 | D:1      | 984 ||| DROPPING scroll of blinking.
  1009 | D:2      | Noticed Sigmund
  1010 | D:2      | 1010 ||| FLEEEEING.
  1011 | D:2      | 1011 ||| FLEEEEING.
  1012 | D:2      | 1012 ||| FLEEEEING.
  1013 | D:2      | 1013 ||| FLEEEEING.
  1014 | D:2      | 1014 ||| FLEEEEING.
  1015 | D:2      | 1015 ||| FLEEEEING.
  1016 | D:2      | 1016 ||| FLEEEEING.
  1017 | D:2      | 1017 ||| FLEEEEING.
  1018 | D:2      | 1018 ||| STAIRDANCE
  1124 | D:2      | HP: 4/21 [Sigmund/+0 scythe (4)]
  1129 | D:2      | HP: 3/21 [Sigmund/+0 scythe (1)]
  1138 | D:2      | Killed Sigmund
  1139 | D:2      | Reached skill level 6 in Axes
  1139 | D:2      | Reached XP level 4. HP: 5/26 MP: 8/8
  1139 | D:2      | Gained mutation: Your magical nature lets you fly swiftly
                  | and evasively. [Tengu growth]
  1139 | D:2      | Reached XP level 5. HP: 5/30 MP: 9/9
  1391 | D:2      | 1391 ||| Stepping ~*~*~tactically~*~*~ (stealth).
  1627 | D:2      | Noticed Natasha
  1628 | D:2      | 1628 ||| Stepping ~*~*~tactically~*~*~ (hiding).
  1635 | D:2      | Killed Natasha
  1636 | D:2      | Reached XP level 6. HP: 24/35 MP: 10/10
  1758 | D:2      | Noticed Natasha
  1763 | D:2      | Killed Natasha
  1764 | D:2      | Reached skill level 7 in Axes
  1839 | D:2      | Noticed Natasha
  1845 | D:2      | Killed Natasha
  1848 | D:2      | 1848 ||| Stepping ~*~*~tactically~*~*~ (stealth).
  1849 | D:2      | 1849 ||| Stepping ~*~*~tactically~*~*~ (stealth).
  1917 | D:2      | 1917 ||| FLEEEEING.
  1918 | D:2      | 1918 ||| FLEEEEING.
  1919 | D:2      | 1919 ||| FLEEEEING.
  1920 | D:2      | 1920 ||| STAIRDANCE
  1947 | D:1      | 1947 ||| UPGRADING to +0 cloak.
  1952 | D:1      | 1952 ||| DROPPING ring of wizardry.
  1953 | D:1      | 1953 ||| DRINKING 3 ruby potions.
  2010 | D:2      | 2010 ||| Stepping ~*~*~tactically~*~*~ (hiding).
  2011 | D:2      | 2011 ||| Stepping ~*~*~tactically~*~*~ (hiding).
  2015 | D:2      | 2015 ||| Stepping ~*~*~tactically~*~*~ (stealth).
  2019 | D:2      | 2019 ||| Stepping ~*~*~tactically~*~*~ (hiding).
  2035 | D:2      | 2035 ||| FLEEEEING.
  2036 | D:2      | 2036 ||| FLEEEEING.
  2037 | D:2      | 2037 ||| FLEEEEING.
  2038 | D:2      | 2038 ||| FLEEEEING.
  2039 | D:2      | 2039 ||| FLEEEEING.
  2040 | D:2      | 2040 ||| FLEEEEING.
  2041 | D:2      | 2041 ||| FLEEEEING.
  2042 | D:2      | 2042 ||| FLEEEEING.
  2043 | D:2      | 2043 ||| FLEEEEING.
  2044 | D:2      | 2044 ||| FLEEEEING.
  2045 | D:2      | 2045 ||| FLEEEEING.
  2046 | D:2      | 2046 ||| FLEEEEING.
  2047 | D:2      | 2047 ||| FLEEEEING.
  2048 | D:2      | 2048 ||| FLEEEEING.
  2049 | D:2      | 2049 ||| FLEEEEING.
  2050 | D:2      | 2050 ||| FLEEEEING.
  2051 | D:2      | 2051 ||| FLEEEEING.
  2052 | D:2      | 2052 ||| FLEEEEING.
  2053 | D:2      | 2053 ||| FLEEEEING.
  2054 | D:2      | 2054 ||| FLEEEEING.
  2055 | D:2      | 2055 ||| FLEEEEING.
  2056 | D:2      | 2056 ||| FLEEEEING.
  2057 | D:2      | 2057 ||| FLEEEEING.
  2058 | D:2      | 2058 ||| FLEEEEING.
  2059 | D:2      | 2059 ||| FLEEEEING.
  2060 | D:2      | 2060 ||| FLEEEEING.
  2061 | D:2      | 2061 ||| FLEEEEING.
  2062 | D:2      | 2062 ||| FLEEEEING.
  2063 | D:2      | 2063 ||| FLEEEEING.
  2064 | D:2      | 2064 ||| FLEEEEING.
  2065 | D:2      | 2065 ||| FLEEEEING.
  2066 | D:2      | 2066 ||| FLEEEEING.
  2067 | D:2      | 2067 ||| FLEEEEING.
  2068 | D:2      | 2068 ||| FLEEEEING.
  2069 | D:2      | 2069 ||| FLEEEEING.
  2070 | D:2      | 2070 ||| FLEEEEING.
  2071 | D:2      | 2071 ||| STAIRDANCE
  2105 | D:1      | 2105 ||| UPGRADING to amulet of regeneration.
  2110 | D:1      | 2110 ||| DRINKING 2 bubbling puce potions.
  2113 | D:2      | 2113 ||| STAIRDANCE
  2120 | D:2      | 2120 ||| STAIRDANCE
  2161 | D:2      | Noticed Robin
  2163 | D:2      | 2163 ||| Stepping ~*~*~tactically~*~*~ (hiding).
  2164 | D:2      | 2164 ||| Stepping ~*~*~tactically~*~*~ (hiding).
  2176 | D:2      | Killed Robin
  2181 | D:2      | 2181 ||| FLEEEEING.
  2182 | D:2      | 2182 ||| FLEEEEING.
  2183 | D:2      | 2183 ||| FLEEEEING.
  2184 | D:2      | 2184 ||| FLEEEEING.
  2185 | D:2      | 2185 ||| FLEEEEING.
  2186 | D:2      | 2186 ||| FLEEEEING.
  2187 | D:2      | 2187 ||| FLEEEEING.
  2188 | D:2      | 2188 ||| FLEEEEING.
  2189 | D:2      | 2189 ||| FLEEEEING.
  2190 | D:2      | 2190 ||| FLEEEEING.
  2206 | D:2      | 2206 ||| DROPPING +0 club.
  2318 | D:2      | 2318 ||| READING scroll labelled IRHATW ECKO.
  2330 | D:3      | Found an iron altar of Okawaru.
  2338 | D:3      | Became a worshipper of Warmaster Okawaru
  2408 | D:3      | Found a burning altar of Makhleb.
  2506 | D:3      | Reached skill level 3 in Fighting
  2549 | D:3      | Found a blossoming altar of Fedhas.
  2780 | D:3      | 2780 ||| DROPPING +3 club.
  2781 | D:3      | 2781 ||| Stepping ~*~*~tactically~*~*~ (stealth).
  3215 | D:3      | Found a sacrificial altar of Ru.
  3229 | D:3      | 3229 ||| UPGRADING to +0 chain mail.
  3239 | D:3      | 3239 ||| DROPPING +0 ring mail.
  3240 | D:3      | 3240 ||| READING 4 scrolls of identify.
  3240 | D:3      | 3240 ||| IDENTIFYING glowing purple potion
  3241 | D:3      | 3241 ||| READING 3 scrolls of identify.
  3241 | D:3      | 3241 ||| IDENTIFYING fuming pink potion
  3242 | D:3      | 3242 ||| READING 2 scrolls of identify.
  3242 | D:3      | 3242 ||| IDENTIFYING viscous grey potion
  3243 | D:3      | 3243 ||| DROPPING potion of berserk rage.
  3244 | D:3      | 3244 ||| DROPPING potion of flight.
  3281 | D:3      | 3281 ||| Stepping randomly (stuck).
  3366 | D:4      | Found an opulent altar of Gozag.
  3538 | D:4      | 3538 ||| Stepping ~*~*~tactically~*~*~ (stealth).
  3545 | D:4      | 3545 ||| Stepping ~*~*~tactically~*~*~ (stealth).
  3547 | D:4      | 3547 ||| Stepping ~*~*~tactically~*~*~ (hiding).
  3549 | D:4      | 3549 ||| Stepping ~*~*~tactically~*~*~ (hiding).
  3592 | D:4      | 3592 ||| Stepping ~*~*~tactically~*~*~ (stealth).
  3601 | D:4      | Reached XP level 7. HP: 41/41 MP: 11/11
  4239 | D:4      | 4239 ||| READING scroll labelled FOETUAQOSH.
  4240 | D:4      | 4240 ||| READING scroll labelled OTOADUOGHO.
  4244 | D:4      | 4244 ||| DRINKING 2 fuming dark potions.
  4245 | D:4      | 4245 ||| DRINKING 2 fuming yellow potions.
  4245 | D:4      | Gained mutation: You occasionally lose the ability to read
                  | scrolls when taking damage. [potion of mutation]
  4246 | D:4      | 4246 ||| DRINKING potion of mutation.
  4246 | D:4      | Lost mutation: You occasionally lose the ability to read
                  | scrolls when taking damage. [potion of mutation]
  4246 | D:4      | Gained mutation: You are agile. (Dex +4, Str/Int -1)
                  | [potion of mutation]
  4246 | D:4      | Gained mutation: You are resistant to electric shocks.
                  | (rElec) [potion of mutation]
  4246 | D:4      | Gained mutation: Your mind is acute. (Int +4, Str/Dex -1)
                  | [potion of mutation]
  4247 | D:4      | 4247 ||| READING 2 scrolls of identify.
  4247 | D:4      | 4247 ||| IDENTIFYING grey potion
  4248 | D:4      | 4248 ||| DROPPING potion of brilliance.
  4264 | D:3      | 4264 ||| Stepping randomly (stuck).
  4348 | D:5      | Entered Level 5 of the Dungeon
  4349 | D:5      | 4349 ||| PLANNING OSSUARY
  4493 | D:5      | Reached skill level 8 in Axes
  4540 | D:5      | 4540 ||| Stepping ~*~*~tactically~*~*~ (stealth).
  4541 | D:5      | 4541 ||| Stepping ~*~*~tactically~*~*~ (stealth).
  4563 | D:5      | Reached skill level 3 in Armour
  4634 | D:5      | Reached * piety under Okawaru
  4659 | D:5      | 4659 ||| INVOKING Heroism.
  4841 | D:5      | 4841 ||| INVOKING Heroism.
  4845 | D:5      | Reached skill level 9 in Axes
  4845 | D:5      | Reached skill level 1 in Invocations
  4845 | D:5      | Reached XP level 8. HP: 42/46 MP: 9/12
  4907 | D:5      | 4907 ||| INVOKING Heroism.
  4908 | D:5      | 4908 ||| INVOKING Heroism.
  4946 | D:5      | Found a shimmering altar of Xom.
  5071 | D:5      | Found a sand-covered staircase.
  5072 | D:5      | 5072 ||| DROPPING amulet of magic regeneration.
  5073 | D:5      | 5073 ||| READING scroll labelled SOCEJA KY MAOXEBO.
  5174 | D:5      | 5174 ||| READING scroll labelled IREECZ ROFROF.
  5175 | D:5      | 5175 ||| READING 2 scrolls of identify.
  5175 | D:5      | 5175 ||| IDENTIFYING bubbling amethyst potion
  5176 | D:5      | 5176 ||| DROPPING potion of degeneration.
  5289 | D:5      | 5289 ||| RIP OSSUARY
  5289 | D:5      | 5289 ||| PLANNING D:1-11
  5322 | D:6      | Noticed Edmund
  5323 | D:6      | 5323 ||| INVOKING Heroism.
  5335 | D:6      | Killed Edmund
  5350 | D:6      | 5350 ||| DROPPING +0 flail.
  5392 | D:6      | Reached skill level 3 in Invocations
  5456 | D:6      | Found a glowing silver altar of Zin.
  5465 | D:6      | 5465 ||| Stepping ~*~*~tactically~*~*~ (hiding).
  5466 | D:6      | 5466 ||| Stepping ~*~*~tactically~*~*~ (hiding).
  5494 | D:6      | 5494 ||| Stepping ~*~*~tactically~*~*~ (stealth).
  5500 | D:6      | 5500 ||| INVOKING Heroism.
  5537 | D:6      | Found a snail-covered altar of Cheibriados.
  5728 | D:6      | 5728 ||| Stepping ~*~*~tactically~*~*~ (hiding).
  5746 | D:6      | 5746 ||| Stepping ~*~*~tactically~*~*~ (stealth).
  5756 | D:6      | 5756 ||| INVOKING Heroism.
  5756 | D:6      | HP: 10/48 [ice beast (14)]
  5757 | D:6      | 5757 ||| READING 2 scrolls of teleportation.
  5758 | D:6      | 5758 ||| DRINKING 3 potions of heal wounds.
  5806 | D:6      | 5806 ||| INVOKING Heroism.
  5836 | D:6      | 5836 ||| SWAPPING to +0 war axe.
  5837 | D:6      | 5837 ||| DROPPING +1 hand axe.
  5845 | D:6      | Reached ** piety under Okawaru
  5846 | D:6      | Reached skill level 10 in Axes
  5864 | D:6      | Found Kilyxoci's Book Shoppe.
  5887 | D:6      | Reached XP level 9. HP: 44/52 MP: 13/13
  5892 | D:6      | Reached skill level 3 in Dodging
  5898 | D:6      | 5898 ||| READING scroll of enchant weapon.
  5898 | D:6      | 5898 ||| ENCHANTING +0 war axe.
  5986 | D:6      | 5986 ||| Stepping ~*~*~tactically~*~*~ (hiding).
  5988 | D:6      | Noticed Pikel
  5989 | D:6      | 5989 ||| INVOKING Heroism.
  6000 | D:6      | HP: 13/52 [orc warrior/+0 glaive (3)]
  6001 | D:6      | 6001 ||| READING scroll of teleportation.
  6002 | D:6      | 6002 ||| DRINKING 2 potions of heal wounds.
  6099 | D:6      | 6099 ||| DROPPING +2 flail of holy wrath.
  6139 | D:6      | 6139 ||| Stepping ~*~*~tactically~*~*~ (hiding).
  6140 | D:6      | 6140 ||| Stepping ~*~*~tactically~*~*~ (stealth).
  6142 | D:6      | 6142 ||| DRINKING potion of curing.
  6142 | D:6      | 6142 ||| (to cure confusion)
  6143 | D:6      | 6143 ||| INVOKING Heroism.
  6147 | D:6      | HP: 12/54 [orc warrior/+0 glaive (19)]
  6148 | D:6      | 6148 ||| DRINKING potion of heal wounds.
  6150 | D:6      | HP: 5/54 [lemure[Pikel] (3)]
  6151 | D:6      | Annihilated by an orc warrior

Levels and vault maps discovered:
D:1:      mrwooster_arrival_arrow, layout_rooms, nicolae_ecumenical_lake_church,
          minmay_misc_feat_encased, minmay_rat_gold_closets
D:2:      layout_rooms, uniq_sigmund, uniq_natasha, uniq_robin
D:3:      minmay_angry_zag, layout_loops_corners,
          nicolae_overflow_hidden_temple, mainiacjoe_overflow_alcove_1,
          mainiacjoe_overflow_catwalk, mainiacjoe_overflow_cross_hatched,
          chequers_serial_rivers_micro_a
D:4:      layout_basic, mainiacjoe_overflow_concentric_impassable,
          hangedman_decor_push
D:5:      layout_loops_cross, xom_teletrap_fun, nicolae_ossuary_entry_ruins,
          water_boxes_lemuel
D:6:      layout_loops_cross, mainiacjoe_overflow_alcove_4, zin_academy,
          serial_bayou, serial_bayou_pond_a, serial_bayou_crossing,
          serial_bayou_pond_d, serial_bayou_pond_b, serial_shops, shop,
          uniq_pikel, uniq_edmund

Skill      XL: |  1  2  3  4  5  6  7  8  9 |
---------------+----------------------------+-----
Axes           | 3 6 7 9 10 | 10.0
Fighting       | 3 4 5 |  5.1
Armour         | 2 3 4 |  4.0
Invocations    | 1 4 |  4.0
Dodging        | 3 |  3.2
Throwing       | |  1.0
Spellcasting   | |  2.0
Translocations | |  2.4

Action                   |  1- 3 |  4- 6 |  7- 9 || total
-------------------------+-------+-------+-------++-------
Melee: Hand axe          |    63 |   146 |   193 ||   402
       Peck              |     7 |    19 |    52 ||    78
       Kick              |    15 |    42 |    93 ||   150
       Punch             |       |       |     8 ||     8
       War axe           |       |       |    52 ||    52
Throw: Boomerang         |     7 |    41 |    56 ||   104
Invok: Heroism           |       |       |     9 ||     9
  Use: Scroll            |     3 |     4 |     9 ||    16
       Potion            |       |     2 |     7 ||     9
 Stab: Distracted        |       |     1 |       ||     1
Armor: Leather armour    |    12 |       |       ||    12
       Ring mail         |       |    18 |       ||    18
       Chain mail        |       |    13 |   105 ||   118
Dodge: Dodged            |    28 |    73 |    82 ||   183

Table legend:
 A = Non-vault XP
 B = Vault XP
 C = Vault XP percentage of total XP
 D = Non-vault monster count
 E = Vault monster count
 F = Vault count percentage of total count
                 A         B        C        D         E       F
            +---------+---------+-------+---------+---------+-------
      Total |    2251 |     721 |  24.3 |     114 |      31 |  21.4
            +---------+---------+-------+---------+---------+-------
        D:1 |      37 |      16 |  30.2 |      20 |      13 |  39.4
        D:2 |     110 |     298 |  73.0 |      15 |      12 |  44.4
        D:3 |      71 |       5 |   6.6 |      19 |       3 |  13.6
        D:4 |     161 |       0 |   0.0 |      20 |       0 |   0.0
        D:5 |     871 |       0 |   0.0 |      19 |       0 |   0.0
        D:6 |    1001 |     402 |  28.7 |      21 |       3 |  12.5
            +---------+---------+-------+---------+---------+-------
